ITL
DETROIT X-WINGS @ ALLENTOWN HILLBILLIES
08/17/2028
 
TOP OF THE 1ST
Detroit X-Wings batting - Pitching for Allentown Hillbillies : RHP Juan Martínez
Pitching: RHP Juan Martínez
Batting: RHB Júlio López 0-0: Ball
1-0: Ball
2-0: Bunt for hit - play at first, batter OUT! 5-3
Batting: RHB John Moore 0-0: Ball
1-0: Swinging Strike
1-1: Foul Ball, location: 2F
1-2: Strikes out swinging
Batting: LHB Juan Jose Pineda 0-0: Called Strike
0-1: Ball
1-1: Ball
2-1: SINGLE (Line Drive, 9S)
Batting: RHB Robby Lewis 0-0: Fielders Choice at 2nd, 6-4 (Groundball, 56)
Top of the 1st over - 0 run(s), 1 hit(s), 0 error(s), 0 left on base; Detroit 0 - Allentown 0
BOTTOM OF THE 1ST
Allentown Hillbillies batting - Pitching for Detroit X-Wings : RHP Carlos Díaz
Pitching: RHP Carlos Díaz
Batting: LHB António Salazar 0-0: Ball
1-0: Ball
2-0: Ball
3-0: Base on Balls
Batting: RHB Dan Banks 0-0: Ball
António Salazar is caught stealing 2nd base
1-0: Called Strike
1-1: Ball
2-1: Ball
3-1: Foul Ball, location: 2F
3-2: SINGLE (Groundball, 4MD)
Batting: RHB Germano Labrego 0-0: Ball
1-0: Called Strike
Dan Banks is caught stealing 2nd base
1-1: Foul Ball, location: 2F
1-2: Foul Ball, location: 2F
1-2: SOLO HOME RUN (Flyball, 8LXD), Distance : 440 ft
Batting: LHB John Hudson 0-0: Ball
1-0: Called Strike
1-1: Ground out 4-3 (Groundball, 4)
Bottom of the 1st over - 1 run(s), 2 hit(s), 0 error(s), 0 left on base; Detroit 0 - Allentown 1
TOP OF THE 2ND
Detroit X-Wings batting - Pitching for Allentown Hillbillies : RHP Juan Martínez
Batting: SHB Javier Jiménez 0-0: Ball
1-0: Ball
2-0: Swinging Strike
2-1: Foul Ball, location: 2F
2-2: Ball
3-2: Strikes out looking
Batting: SHB Felipe Detorres 0-0: Called Strike
0-1: Ball
1-1: Ball
2-1: Foul Ball, location: 2F
2-2: Ball
3-2: Strikes out looking
Batting: RHB Jaime Contreras 0-0: Ball
1-0: Foul Ball, location: 2F
1-1: Ball
2-1: Swinging Strike
2-2: Strikes out swinging
Top of the 2nd over - 0 run(s), 0 hit(s), 0 error(s), 0 left on base; Detroit 0 - Allentown 1
BOTTOM OF THE 2ND
Allentown Hillbillies batting - Pitching for Detroit X-Wings : RHP Carlos Díaz
Batting: RHB Carl Brown 0-0: Ball
1-0: Ball
2-0: Ball
3-0: Base on Balls
Batting: RHB Joel Jackson 0-0: Fly out, F9 (Flyball, 9S)
Batting: RHB António Yánez 0-0: Ball
1-0: Ball
2-0: Called Strike
2-1: Ball
3-1: Foul Ball, location: 2F
3-2: Ground out 3-1 (Groundball, 34S)
Carl Brown to second
Batting: RHB Marc Cox 0-0: Ball
1-0: Ball
2-0: Ball
3-0: Called Strike
3-1: Foul Ball, location: 2F
3-2: Base on Balls
Batting: RHB Von Ford 0-0: Ball
1-0: Foul Ball, location: 2F
1-1: Ball
2-1: Fielders Choice at 2nd, 6-4 (Groundball, 6)
Bottom of the 2nd over - 0 run(s), 0 hit(s), 0 error(s), 1 left on base; Detroit 0 - Allentown 1
TOP OF THE 3RD
Detroit X-Wings batting - Pitching for Allentown Hillbillies : RHP Juan Martínez
Batting: RHB Oliver Acevedo 0-0: Ball
1-0: Ball
2-0: Ground out 6-3 (Groundball, 6M)
Batting: LHB Paul Alston 0-0: Ground out 4-3 (Groundball, 4)
Batting: RHB Júlio López 0-0: Called Strike
0-1: Foul Ball, location: 2F
0-2: Ball
1-2: Ball
2-2: Ball
3-2: Foul Ball, location: 2F
3-2: Strikes out swinging
Top of the 3rd over - 0 run(s), 0 hit(s), 0 error(s), 0 left on base; Detroit 0 - Allentown 1
BOTTOM OF THE 3RD
Allentown Hillbillies batting - Pitching for Detroit X-Wings : RHP Carlos Díaz
Batting: LHB António Salazar 0-0: Ball
1-0: Ball
2-0: Ball
3-0: Base on Balls
Batting: RHB Dan Banks 0-0: Ball
1-0: Ball
2-0: SINGLE (Groundball, 4MD)
António Salazar to second
Batting: RHB Germano Labrego 0-0: Ball
1-0: Grounds into double play, 6-4-3 (Groundball, 6M)
António Salazar to third
Batting: LHB John Hudson 0-0: Foul Ball, location: 2F
0-1: 2-RUN HOME RUN (Flyball, 9D), Distance : 381 ft
Batting: RHB Carl Brown 0-0: Ball
1-0: Ball
2-0: Ball
3-0: Base on Balls
Batting: RHB Joel Jackson 0-0: Called Strike
0-1: Foul Ball, location: 2F
0-2: Strikes out swinging
Bottom of the 3rd over - 2 run(s), 2 hit(s), 0 error(s), 1 left on base; Detroit 0 - Allentown 3
TOP OF THE 4TH
Detroit X-Wings batting - Pitching for Allentown Hillbillies : RHP Juan Martínez
Batting: RHB John Moore 0-0: Ball
1-0: Ball
2-0: Foul Ball, location: 2F
2-1: Foul Ball, location: 2F
2-2: DOUBLE (Line Drive, 7LD)
Batting: LHB Juan Jose Pineda 0-0: Called Strike
0-1: Ball
1-1: Ball
2-1: Swinging Strike
2-2: Foul Ball, location: 2F
2-2: Strikes out swinging
Batting: RHB Robby Lewis 0-0: Swinging Strike
0-1: Foul Ball, location: 2F
0-2: Ball
1-2: Strikes out swinging
Batting: SHB Javier Jiménez 0-0: Called Strike
0-1: Ball
1-1: Ball
2-1: Foul Ball, location: 2F
2-2: Fly out, F8 (Flyball, 78D)
Top of the 4th over - 0 run(s), 1 hit(s), 0 error(s), 1 left on base; Detroit 0 - Allentown 3
BOTTOM OF THE 4TH
Allentown Hillbillies batting - Pitching for Detroit X-Wings : RHP Carlos Díaz
Batting: RHB António Yánez 0-0: Ball
1-0: Ball
2-0: Foul Ball, location: 2F
2-1: Foul Ball, location: 2F
2-2: Ball
3-2: Foul Ball, location: 2F
3-2: Foul Ball, location: 2F
3-2: Base on Balls
Batting: RHB Marc Cox 0-0: Ground out U3 (Groundball, 34)
António Yánez to second
Batting: RHB Von Ford 0-0: Ball
1-0: Ball
2-0: Ball
3-0: Base on Balls
Batting: LHB António Salazar 0-0: Ball
1-0: Foul Ball, location: 2F
1-1: Fielders Choice at 2nd, 1-6 (Groundball, 13)
António Yánez to third
Batting: RHB Dan Banks 0-0: Ball
1-0: Foul Ball, location: 2F
1-1: Ball
2-1: SINGLE (Line Drive, 34)
António Yánez scores
António Salazar to second
Batting: RHB Germano Labrego 0-0: Ball
1-0: Fly out, F8 (Line Drive, 8RM)
Bottom of the 4th over - 1 run(s), 1 hit(s), 0 error(s), 2 left on base; Detroit 0 - Allentown 4
TOP OF THE 5TH
Detroit X-Wings batting - Pitching for Allentown Hillbillies : RHP Juan Martínez
Batting: SHB Felipe Detorres 0-0: Called Strike
0-1: Swinging Strike
0-2: Strikes out looking
Batting: RHB Jaime Contreras 0-0: Called Strike
0-1: Swinging Strike
0-2: Strikes out swinging
Batting: RHB Oliver Acevedo 0-0: Ball
1-0: Called Strike
1-1: Ball
2-1: Swinging Strike
2-2: Strikes out swinging
Top of the 5th over - 0 run(s), 0 hit(s), 0 error(s), 0 left on base; Detroit 0 - Allentown 4
BOTTOM OF THE 5TH
Allentown Hillbillies batting - Pitching for Detroit X-Wings : RHP Carlos Díaz
Batting: LHB John Hudson 0-0: Ball
1-0: Ball
2-0: Ball
3-0: Base on Balls
Batting: RHB Carl Brown 0-0: Ball
1-0: Called Strike
1-1: Ball
2-1: Swinging Strike
2-2: Foul Ball, location: 2F
2-2: Foul Ball, location: 2F
2-2: Strikes out swinging
Batting: RHB Joel Jackson 0-0: Called Strike
0-1: Grounds into double play, 5-4-3 (Groundball, 56)
Bottom of the 5th over - 0 run(s), 0 hit(s), 0 error(s), 0 left on base; Detroit 0 - Allentown 4
TOP OF THE 6TH
Detroit X-Wings batting - Pitching for Allentown Hillbillies : RHP Juan Martínez
Batting: LHB Paul Alston 0-0: Ball
1-0: Ball
2-0: Ball
3-0: Base on Balls
Batting: RHB Júlio López 0-0: Called Strike
0-1: Ball
1-1: Foul Ball, location: 2F
1-2: Ball
2-2: Ball
3-2: Base on Balls
Paul Alston to second
Batting: RHB John Moore 0-0: Fly out, F7 (Line Drive, 7)
Batting: LHB Juan Jose Pineda 0-0: Called Strike
0-1: Ball
1-1: Ball
2-1: Grounds into double play, 4-6-3 (Groundball, 4)
Top of the 6th over - 0 run(s), 0 hit(s), 0 error(s), 1 left on base; Detroit 0 - Allentown 4
BOTTOM OF THE 6TH
Allentown Hillbillies batting - Pitching for Detroit X-Wings : RHP Carlos Díaz
Batting: RHB António Yánez 0-0: Foul Ball, location: 2F
0-1: Ball
1-1: Ball
2-1: Swinging Strike
2-2: Strikes out swinging
Batting: RHB Marc Cox 0-0: Ground out 1-3 (Groundball, 15S)
Batting: RHB Von Ford 0-0: Ball
1-0: Called Strike
1-1: Foul Ball, location: 2F
1-2: Foul Ball, location: 2F
1-2: Ball
2-2: Fly out, F9 (Flyball, 9)
Bottom of the 6th over - 0 run(s), 0 hit(s), 0 error(s), 0 left on base; Detroit 0 - Allentown 4
TOP OF THE 7TH
Detroit X-Wings batting - Pitching for Allentown Hillbillies : RHP Juan Martínez
Batting: RHB Robby Lewis 0-0: Ball
1-0: SINGLE (Line Drive, 78S)
Batting: SHB Javier Jiménez 0-0: Called Strike
0-1: Fly out, F5 (Popup, 5)
Batting: SHB Felipe Detorres 0-0: Ball
1-0: Foul Ball, location: 2F
1-1: Foul Ball, location: 2F
1-2: Strikes out swinging
Batting: RHB Jaime Contreras 0-0: Called Strike
Robby Lewis steals 2nd base
0-1: Ball
1-1: Ball
2-1: Ground out 5-3 (Groundball, 5)
Top of the 7th over - 0 run(s), 1 hit(s), 0 error(s), 1 left on base; Detroit 0 - Allentown 4
BOTTOM OF THE 7TH
Allentown Hillbillies batting - Pitching for Detroit X-Wings : RHP Carlos Díaz
Pitching: RHP Felipe Téllez
Batting: LHB António Salazar 0-0: Called Strike
0-1: Ground out U3 (Groundball, 3)
Batting: RHB Dan Banks 0-0: Ball
1-0: Ball
2-0: Called Strike
2-1: Foul Ball, location: 2F
2-2: Ball
3-2: Foul Ball, location: 2F
3-2: Base on Balls
Batting: RHB Germano Labrego 0-0: Ball
1-0: Grounds into double play, 5-4-3 (Groundball, 5)
Bottom of the 7th over - 0 run(s), 0 hit(s), 0 error(s), 0 left on base; Detroit 0 - Allentown 4
TOP OF THE 8TH
Detroit X-Wings batting - Pitching for Allentown Hillbillies : RHP Juan Martínez
Batting: RHB Oliver Acevedo 0-0: Called Strike
0-1: Called Strike
0-2: Ball
1-2: Ball
2-2: Ball
3-2: Strikes out swinging
Pitching: LHP Nick Merrit
Batting: LHB Paul Alston 0-0: Foul Ball, location: 2F
0-1: Foul Ball, location: 2F
0-2: Ball
1-2: Ground out 4-3 (Groundball, 4)
Batting: RHB Júlio López 0-0: Ball
1-0: Ball
2-0: DOUBLE (Line Drive, 9LM)
Batting: RHB John Moore 0-0: Ball
1-0: SINGLE (Flyball, 8LS)
Júlio López to third
Runner from 3rd tries for Home, throw and OUT!
Top of the 8th over - 0 run(s), 2 hit(s), 0 error(s), 1 left on base; Detroit 0 - Allentown 4
BOTTOM OF THE 8TH
Allentown Hillbillies batting - Pitching for Detroit X-Wings : RHP Felipe Téllez
Batting: LHB John Hudson 0-0: Called Strike
0-1: Foul Ball, location: 2F
0-2: Foul Ball, location: 2F
0-2: Strikes out swinging
Batting: RHB Carl Brown 0-0: Swinging Strike
0-1: Called Strike
0-2: Ball
1-2: Foul Ball, location: 2F
1-2: Ball
2-2: Ball
3-2: Foul Ball, location: 2F
3-2: Foul Ball, location: 2F
3-2: Base on Balls
Batting: RHB Joel Jackson 0-0: Swinging Strike
0-1: Foul Ball, location: 2F
0-2: Ball
1-2: Strikes out swinging
Batting: RHB António Yánez 0-0: Ball
1-0: Swinging Strike
1-1: Ball
2-1: Foul Ball, location: 2F
2-2: Ground out 4-3 (Groundball, 34)
Bottom of the 8th over - 0 run(s), 0 hit(s), 0 error(s), 1 left on base; Detroit 0 - Allentown 4
TOP OF THE 9TH
Detroit X-Wings batting - Pitching for Allentown Hillbillies : LHP Nick Merrit
Batting: LHB Juan Jose Pineda 0-0: Called Strike
0-1: Foul Ball, location: 2F
0-2: Ball
1-2: Fly out, F9 (Line Drive, 9)
Batting: RHB Robby Lewis 0-0: Ball
1-0: Called Strike
1-1: Ball
2-1: Ground out 3-1 (Groundball, 34S)
Batting: SHB Javier Jiménez 0-0: Ball
1-0: Ball
2-0: Called Strike
2-1: Ball
3-1: Base on Balls
Batting: SHB Felipe Detorres 0-0: Called Strike
0-1: Called Strike
0-2: Foul Ball, location: 2F
0-2: Ball
1-2: Strikes out swinging
Top of the 9th over - 0 run(s), 0 hit(s), 0 error(s), 1 left on base; Detroit 0 - Allentown 4
Tuesday, August 8th, 2017 - OOTP Baseball 17.12 Build 75